 Dungeon Crawl Stone Soup version 0.20-b1-2-gc5a9893 (webtiles) character file.

10885 ChaseSP the Basher (level 12, -3/86 HPs)
             Began as a Formicid Fighter on May 23, 2017.
             Was a Believer of Ru.
             Killed from afar by Azrael (33 damage)
             ... with damnation
             ... on level 12 of the Dungeon.
             The game lasted 00:21:55 (9576 turns).

ChaseSP the Basher (Formicid Fighter)               Turns: 9576, Time: 00:21:56

Health: -3/86      AC: 18    Str: 20    XL:     12   Next: 0%
Magic:  12/12      EV: 10    Int: 10    God:    Ru [**....]
Gold:   598        SH: 11    Dex: 14    Spells: 11/11 levels left

rFire    . . .     SeeInvis +   d - +4 dire flail (freeze)
rCold    . . .     Gourm    +   c - +0 shield
rNeg     . . .     Faith    .   D - +0 chain mail
rPois    .         Spirit   .   (helmet unavailable)
rElec    .         Reflect  .   G - +0 cloak
rCorr    .         Harm     .   y - +2 pair of gloves
MR       +....                  j - +2 pair of boots
Stlth    ..........             z - amulet of the gourmand
Regen    0.3/turn               (no ring)
MPRegen  0.2/turn               I - +6 ring of slaying

@: no status effects
A: permanent stasis, dig shafts and tunnels, four strong arms, antennae 3, no
fire magic, no hexes magic, no translocations magic, unskilled 1
a: Dig, Shaft Self, Renounce Religion


You were on level 12 of the Dungeon.
You worshipped Ru.
Ru was pleased with you.
You were very full.

You visited 2 branches of the dungeon, and saw 13 of its levels.

You collected 598 gold pieces.

Inventory:

Hand Weapons
 d - a +4 dire flail of freezing (weapon)
Missiles
 k - 4 javelins (quivered)
 s - 27 bolts
Armour
 c - a +0 shield (worn)
 j - a +2 pair of boots (worn)
 y - a +2 pair of gloves (worn)
 D - a +0 chain mail (worn)
 G - a +0 cloak (worn)
Jewellery
 n - an uncursed ring of ice
 z - an amulet of the gourmand (around neck)
 I - a +6 ring of slaying (right hand)
Wands
 a - a wand of random effects (0/48)
 t - a wand of flame (17/48)
 K - a wand of scattershot (2/9)
Scrolls
 e - 2 scrolls of enchant armour
 g - 5 scrolls of remove curse
 l - 4 scrolls of recharging
 q - 2 scrolls of fog
 r - 6 scrolls of teleportation
 u - a scroll of immolation
 C - 2 scrolls of amnesia
 E - a scroll of enchant weapon
 F - 2 scrolls of identify
Potions
 h - 3 potions of curing
 i - 2 potions of ambrosia
 m - a potion of brilliance {unknown}
 p - a potion of degeneration {unknown}
 w - a potion of agility
 x - a potion of heal wounds {unknown}
 A - a potion of resistance {unknown}
 B - a potion of mutation {unknown}
Books
 H - a book of Changes

   Spells                             Type                      Level
   a - Beastly Appendage              Transmutation                1
   b - Sticks to Snakes               Transmutation                2
   c - Spider Form                    Transmutation/Poison         3
   d - Ice Form                       Ice/Transmutation            4
   e - Blade Hands                    Transmutation                5
 J - a book of Power

   Spells                             Type                      Level
   a - Iskenderun's Battlesphere      Conjuration/Charms           5
   b - Venom Bolt                     Conjuration/Poison           5
   c - Bolt of Magma                  Conjuration/Fire/Earth       5
   d - Iron Shot                      Conjuration/Earth            6
   e - Orb of Destruction             Conjuration                  7
   f - Spellforged Servitor           Conjuration/Summoning        7
Comestibles
 b - 7 meat rations
 f - 10 bread rations
 o - 3 royal jellies
 v - 13 fruits


   Skills:
 - Level 5.1 Fighting
 * Level 12.8 Maces & Flails
 + Level 6.7 Armour
 + Level 5.6 Dodging
 - Level 6.7 Shields


You had 11 spell levels left.
You didn't know any spells.

Dungeon Overview and Level Annotations

Branches:
Dungeon (11/15)            Temple (1/1) D:6            Lair (0/6) D:10
    Orc: D:9-12

Altars:
Ashenzari
Cheibriados
Elyvilon
Fedhas
Gozag
Makhleb
Okawaru
Ru
Trog
Uskayaw
Vehumet
Xom
Yredelemnul
The Shining One

Shops:
D:8 :   D:10 ?

Annotations:
D:12 Azrael


Innate Abilities, Weirdness & Mutations

You cannot be hasted, slowed, berserked, paralysed or teleported.
You can dig through walls and to a lower floor.
Your four strong arms can wield two-handed weapons with a shield.
You have a pair of large antennae on your head. (SInv)
You cannot study or cast Fire magic.
You cannot study or cast Hexes magic.
You cannot study or cast Translocations magic.
You are somewhat unskilled. (-1 Apt)


Message History

Azrael gestures at you.
The bolt of fire misses the hell hound.
The bolt of fire hits you!
The orc wizard gestures wildly while chanting.
The orc wizard seems to speed up.
You block the hell hound's attack.
You sock the hell hound! You freeze the hell hound.
You kill the hell hound!
You have reached level 12!
Your experience leads to an increase in your attributes!
Increase (S)trength, (I)ntelligence, or (D)exterity?
You feel agile.
You feel clever. The hell hound breathes flames at you.
The blast of flame hits Azrael.
Azrael completely resists.
The blast of flame hits you!
You hit Azrael. You freeze Azrael.
Azrael is lightly wounded.
You bludgeon Azrael!! You freeze Azrael.
Azrael is moderately wounded.
Azrael gestures at you.
The sphere of damnation explodes!
The damnation engulfs you!
You die...

#.##)##
# #.#
#.# #.#
#.# #.#
#.# #.#
#@#
{#R#
§§h#
Eh##
#9o #.o
#.. #.o


You could see Azrael, a fire elemental, an orc warrior, 2 hell hounds, a
gargoyle, an orc wizard and an orc.

Vanquished Creatures
  The ghost of Traror the Slicer, a journeyman DsBe of Trog (D:10)
  A two-headed ogre (D:9)
  Nergalle (D:10)
  Pikel (D:8)
  A deep elf mage (D:12)
  A cyclops (D:10)
  A centaur zombie (D:10)
  A centaur skeleton (D:9)
  Eustachio (D:6)
  11 yaks
  A fire elemental (D:12)
  3 hungry ghosts
  Menkaure (D:6)
  An acid dragon (D:10)
  A water moccasin (D:10)
  2 hell hounds (D:12)
  2 slaves (D:8)
  2 orc warriors (D:7)
  3 necrophages
  A sky beast (D:5)
  3 black bears
  2 phantoms
  2 centaurs
  6 ogres
  5 bullfrogs
  3 scorpions
  A killer bee (D:10)
  8 wights
  3 howler monkeys
  2 crimson imps
  A bullfrog zombie (D:10)
  3 bullfrog skeletons
  7 hounds
  4 jellies
  A gnoll shaman (D:5)
  7 orc wizards
  Crazy Yiuf (D:5)
  6 orc priests
  Jessica (D:3)
  7 iguanas
  Terence (D:2)
  Natasha (thrice) (D:3)
  6 worker ants
  A hound skeleton (D:7)
  A hound zombie (D:8)
  A mummy (D:10)
  A howler monkey zombie (D:9)
  A howler monkey skeleton (D:5)
  7 gnolls
  15 adders
  A shadow imp (D:5)
  2 oozes
  3 adder skeletons
  2 worms (D:2)
  3 dart slugs (D:4)
  5 leopard geckos
  29 orcs
  A ball python (D:3)
  5 bats
  5 giant cockroaches
  11 goblins
  7 hobgoblins
  8 jackals
  6 kobolds
  3 quokkas
  A ball python skeleton (D:5)
  3 frilled lizards
  2 leopard gecko skeletons
  A quokka skeleton (D:5)
  6 rats
251 creatures vanquished.

Vanquished Creatures (others)
  A centaur zombie (D:7)
1 creature vanquished.

Grand Total: 252 creatures vanquished

Notes
Turn   | Place    | Note
-------+----------+-------------------------------------------
     0 | D:1      | ChaseSP the Formicid Fighter began the quest for the Orb.
     0 | D:1      | Reached XP level 1. HP: 18/18 MP: 1/1
   252 | D:1      | Reached XP level 2. HP: 21/24 MP: 2/2
   283 | D:1      | Reached skill level 3 in Maces & Flails
   478 | D:1      | Reached XP level 3. HP: 29/29 MP: 3/3
   907 | D:2      | Noticed Terence
   918 | D:2      | Killed Terence
   918 | D:2      | Reached skill level 4 in Maces & Flails
   918 | D:2      | Reached XP level 4. HP: 29/35 MP: 4/4
  1036 | D:2      | Reached XP level 5. HP: 19/41 MP: 5/5
  1265 | D:2      | Reached skill level 5 in Maces & Flails
  1390 | D:2      | Found an iron altar of Okawaru.
  1626 | D:2      | Found a snail-covered altar of Cheibriados.
  1867 | D:2      | Found a radiant altar of Vehumet.
  1867 | D:2      | Found a shattered altar of Ashenzari.
  1868 | D:2      | Found a white marble altar of Elyvilon.
  1907 | D:3      | Noticed an ogre
  1915 | D:3      | Killed an ogre
  1915 | D:3      | Reached skill level 6 in Maces & Flails
  1915 | D:3      | Reached XP level 6. HP: 21/47 MP: 6/6
  2230 | D:3      | Noticed Jessica
  2237 | D:3      | Killed Jessica
  2596 | D:3      | Noticed Natasha
  2602 | D:3      | Killed Natasha
  2648 | D:3      | Reached XP level 7. HP: 52/52 MP: 7/7
  2771 | D:3      | Noticed Natasha
  2786 | D:3      | Killed Natasha
  3007 | D:3      | Reached skill level 7 in Maces & Flails
  3030 | D:3      | Noticed Natasha
  3046 | D:3      | Killed Natasha
  3576 | D:4      | Reached skill level 5 in Shields
  3982 | D:5      | Entered Level 5 of the Dungeon
  4089 | D:5      | Reached XP level 8. HP: 42/58 MP: 8/8
  4166 | D:5      | Reached skill level 8 in Maces & Flails
  4788 | D:5      | Found a runed door.
  4881 | D:5      | Noticed Crazy Yiuf
  4887 | D:5      | Killed Crazy Yiuf
  5023 | D:5      | Reached skill level 9 in Maces & Flails
  5431 | D:6      | Found a staircase to the Ecumenical Temple.
  5446 | Temple   | Entered the Ecumenical Temple
  5488 | Temple   | Became a worshipper of Ru the Awakened
  5620 | D:6      | Reached XP level 9. HP: 65/65 MP: 9/9
  5695 | D:6      | Noticed Eustachio
  5702 | D:6      | Killed Eustachio
  5702 | D:6      | Reached skill level 5 in Fighting
  5702 | D:6      | Reached skill level 10 in Maces & Flails
  5704 | D:6      | Noticed Menkaure
  5719 | D:6      | Killed Menkaure
  6160 | D:7      | Found a bloodstained altar of Trog.
  6300 | D:7      | Reached skill level 1 in Dodging
  6472 | D:7      | Reached skill level 11 in Maces & Flails
  6532 | D:7      | Reached XP level 10. HP: 52/75 MP: 10/10
  6924 | D:7      | Gained mutation: You cannot study or cast Fire magic. [Ru sacrifice]
  6924 | D:7      | Gained mutation: You cannot study or cast Hexes magic. [Ru sacrifice]
  6924 | D:7      | Gained mutation: You cannot study or cast Translocations magic. [Ru sacrifice]
  6924 | D:7      | Reached * piety under Ru
  7134 | D:8      | Found a radiant altar of Vehumet.
  7310 | D:8      | Found a burning altar of Makhleb.
  7310 | D:8      | Noticed a cacodemon
  7401 | D:8      | Noticed Pikel
  7407 | D:8      | Killed Pikel
  7705 | D:8      | Found Uklul's Book Shop.
  7710 | D:8      | Reached skill level 12 in Maces & Flails
  7908 | D:9      | Reached skill level 5 in Armour
  8189 | D:9      | Reached XP level 11. HP: 80/80 MP: 11/11
  8199 | D:9      | Noticed a two-headed ogre
  8207 | D:9      | Killed a two-headed ogre
  8587 | D:10     | Entered Level 10 of the Dungeon
  8587 | D:10     | Noticed Traror's ghost (journeyman DsBe)
  8597 | D:10     | Killed Traror's ghost
  8597 | D:10     | Reached skill level 13 in Maces & Flails
  8597 | D:10     | Reached skill level 5 in Dodging
  8635 | D:10     | Found a basalt altar of Yredelemnul.
  8707 | D:10     | Found Qioseme's Magic Scroll Shop.
  8750 | D:10     | Gained mutation: You are somewhat unskilled. (-1 Apt) [Ru sacrifice]
  8750 | D:10     | Reduced skill Maces & Flails to level 12
  8750 | D:10     | Reduced skill Armour to level 5
  8750 | D:10     | Reached ** piety under Ru
  8879 | D:10     | Reached skill level 5 in Dodging
  9089 | D:10     | Noticed a cyclops
  9098 | D:10     | Killed a cyclops
  9139 | D:10     | Noticed Nergalle
  9160 | D:10     | Killed Nergalle
  9177 | D:10     | Found a staircase to the Lair.
  9522 | D:11     | Found a shimmering altar of Xom.
  9522 | D:11     | Found a shimmering altar of Xom.
  9523 | D:11     | Found a shimmering altar of Xom.
  9537 | D:11     | You fall through a shaft!
  9537 | D:12     | Noticed a deep elf mage
  9544 | D:12     | Killed a deep elf mage
  9560 | D:12     | Noticed Azrael
  9574 | D:12     | Reached XP level 12. HP: 31/86 MP: 12/12
  9576 | D:12     | Killed from afar by Azrael

Skill      XL: |  1  2  3  4  5  6  7  8  9 10 11 |
---------------+----------------------------------+-----
Maces & Flails | 3 4 6 7 9 11 12 12 | 12.8
Shields        | 4 5 6 7 6 |  6.7
Fighting       | 4 5 |  5.1
Dodging        | 1 4 5 |  5.6
Armour         | 5 6 |  6.7

Action                   |  1- 3 |  4- 6 |  7- 9 | 10-12 || total
-------------------------+-------+-------+-------+-------++-------
Melee: Flail             |    48 |   156 |   147 |       ||   351
       Morningstar       |       |       |   163 |       ||   163
       Dire flail        |       |       |   121 |   312 ||   433
Throw: Javelin           |     4 |       |       |       ||     4
Invok: Sacrifice Arcana  |       |       |       |     1 ||     1
       Sacrifice Skill   |       |       |       |     1 ||     1
 Abil: Dig               |       |     2 |     3 |     2 ||     7
Evoke: Wand              |       |       |     5 |     2 ||     7
  Use: Scroll            |       |     1 |    10 |     3 ||    14
       Potion            |       |       |     2 |     4 ||     6
 Stab: Invisible         |       |       |       |     1 ||     1
  Eat: Chunk             |       |     5 |    25 |    25 ||    55
Armor: Scale mail        |    21 |    53 |    78 |       ||   152
       Chain mail        |       |       |    79 |    82 ||   161
Dodge: Dodged            |    17 |    42 |   101 |    59 ||   219
Block: Shield            |    23 |    63 |   174 |   119 ||   379
